 Dungeon Crawl Stone Soup version 0.19-a0-1268-g6c5d9f8 (webtiles) character file.

48 mopl the Chopper (level 3, -2/27 HPs)
             Began as a Demonspawn Gladiator on Aug 29, 2016.
             Slain by Robin
             ... wielding a +0 falchion
              (7 damage)
             ... on level 2 of the Dungeon.
             The game lasted 00:01:55 (1447 turns).

mopl the Chopper (Demonspawn Gladiator)             Turns: 1447, Time: 00:01:56

Health: -2/27      AC:  6    Str: 15    XL:     3   Next: 50%
Magic:  3/3        EV: 11    Int:  9    God:
Gold:   123        SH:  0    Dex: 14    Spells: 0 memorised, 2 levels left

rFire  . . .     SeeInvis .     a - +0 war axe
rCold  . . .     Gourm    .     l - +0 ring mail
rNeg   + . .     Faith    .     (no shield)
rPois  .         Spirit   .     c - +0 helmet
rElec  .         Dismiss  .     (no cloak)
rCorr  .         Reflect  .     (no gloves)
MR     .....     Harm     .     (no boots)
Stlth  +.........               (no amulet)
                                (no ring)
                                o - ring of positive energy

@: no status effects
A: claws 1
a: no special abilities


You were on level 2 of the Dungeon.
You were hungry.

You visited 1 branch of the dungeon, and saw 2 of its levels.

You collected 123 gold pieces.

Inventory:

Hand Weapons
 a - a +0 war axe (weapon)
 j - a +2 dagger of distortion {!w}
Missiles
 d - 3 throwing nets (quivered)
Armour
 b - a +0 leather armour
 c - a +0 helmet (worn)
 l - a +0 ring mail (worn)
Jewellery
 o - a ring of positive energy (left claw)
Scrolls
 g - 2 scrolls of identify
 h - 2 scrolls of remove curse {unknown}
 i - a scroll of recharging {unknown}
 n - a scroll of magic mapping {unknown}
 r - a scroll of blinking {unknown}
Potions
 e - a potion of agility
 k - a potion of might {unknown}
 m - a potion of magic {unknown}
 p - a potion of degeneration {unknown}
 q - a potion of heal wounds {unknown}
Comestibles
 f - 3 bread rations


   Skills:
 - Level 2.0 Fighting
 + Level 4.1 Axes
 - Level 1.7 Throwing
 - Level 2.6 Dodging


You had 2 spell levels left.
You didn't know any spells.

Dungeon Overview and Level Annotations

Branches:
Dungeon (2/15)

Altars:
Sif Muna

Annotations:
D:2 Robin


Innate Abilities, Weirdness & Mutations

You have sharp fingernails.


Message History

* * * LOW HITPOINT WARNING * * *
Things that are here:
a dagger; a club You slash Robin!
Robin is almost dead.
The goblin no longer looks unusually strong.
Robin roars a battlecry!
The goblin goes into a battle-frenzy!
The hobgoblin no longer looks unusually strong.
Robin roars a battlecry!
The hobgoblin goes into a battle-frenzy!
You aren't carrying any items that you can evoke.
Unknown command.
As you read the scroll labeled AMPUWAUKURR, it crumbles to dust.
It is a scroll of identify.
e - a potion of agility You hit Robin but do no damage.
Robin is almost dead.
Robin hits you with a falchion!
You die...

### #. #.# #.# #. #.#
#.# .. #.# #.# #.# #.#
#########.# #.#
..........########.#
##########.........#
#.##########.###.#####
#...gg.gg@...# #.#
############.###.#
#.....# #######


You could see Robin, a hobgoblin and 2 goblins.

Vanquished Creatures
  2 adders (D:2)
  2 giant geckos (D:1)
  A giant cockroach (D:1)
  7 goblins
  4 hobgoblins
  3 kobolds (D:1)
  A ball python (D:1)
  2 bats (D:1)
  A giant newt (D:2)
  3 rats (D:1)
26 creatures vanquished.

Notes
Turn   | Place    | Note
-------+----------+-------------------------------------------
     0 | D:1      | mopl the Demonspawn Gladiator began the quest for the Orb.
     0 | D:1      | Reached XP level 1. HP: 16/16 MP: 1/1
    90 | D:1      | Reached skill level 3 in Axes
   107 | D:1      | Gained mutation: You have sharp fingernails. [demonic ancestry]
   107 | D:1      | Reached XP level 2. HP: 20/22 MP: 2/2
  1088 | D:2      | Found a deep blue altar of Sif Muna.
  1097 | D:2      | Reached XP level 3. HP: 22/27 MP: 3/3
  1176 | D:2      | Reached skill level 4 in Axes
  1418 | D:2      | Noticed Robin
  1447 | D:2      | Slain by Robin

Vault maps used:
D:1:      saegor_arrival_simple_c
D:2:      lemuel_crystal_altar, first_bread, uniq_robin, uniq_crazy_yiuf_cottage

Skill      XL: |  1  2  3 |
---------------+----------+-----
Axes           | 3 4 |  4.1
Fighting       | |  2.0
Throwing       | |  1.7
Dodging        | |  2.6

Action                   || total
-------------------------++-------
Melee: War axe           ||    88
Throw: Throwing net      ||     3
  Use: Scroll            ||     1
 Stab: Held in net/web   ||     1
  Eat: Chunk             ||     1
Armor: Leather armour    ||    11
       Ring mail         ||     4
Dodge: Dodged            ||    62
